 Dungeon Crawl Stone Soup version 0.31-a0-626-g8143ab4f1d (webtiles) character file.

Game seed: 6620032554262837898

781 Ofeo the Digger (level 8, -2/41 HPs)
             Began as a Kobold Earth Elementalist on Aug 24, 2023.
             Slain by a lemure (8 damage)
             ... led by Pikel
             ... on level 5 of the Dungeon.
             The game lasted 00:04:47 (4877 turns).

Ofeo the Digger (Kobold Earth Elementalist)         Turns: 4877, Time: 00:04:47

Health: -2/41      AC:  5    Str:  5    XL:     8   Next: 11%
Magic:  1/14       EV: 15    Int: 22    God:
Gold:   210        SH:  0    Dex: 18    Spells: 6/16 levels left

rFire   . . .        k - +0 dagger (venom)
rCold   . . .        (no shield)
rNeg    . . .        a - +0 robe
rPois   +            (no helmet)
rElec   .            (no cloak)
rCorr   .            n - +2 pair of gloves
SInv    .            (no boots)
Will    .....        i - amulet of regeneration
Stlth   ++++         o - ring of poison resistance
HPRegen 1.06/turn    j - +6 ring of intelligence
MPRegen 0.14/turn

%: no passive effects
@: very slightly contaminated
A: small, no large weapons, nightstalker 3
a: no special abilities


You were on level 5 of the Dungeon.
You visited 1 branch of the dungeon, and saw 5 of its levels.

You collected 210 gold pieces.

Inventory:

Hand Weapons
 k - a +0 dagger of venom (weapon)
Armour
 a - a +0 robe (worn)
 c - a +0 pair of gloves
 n - a +2 pair of gloves (worn)
Jewellery
 d - a ring of resist corrosion
 i - an amulet of regeneration (around neck)
 j - a +6 ring of intelligence (right hand)
 o - a ring of poison resistance (left hand)
Wands
 e - a wand of flame (19)
Scrolls
 f - 3 scrolls of vulnerability
 h - a scroll of revelation
Potions
 b - a potion of magic
 g - a potion of curing {unknown}
 l - a potion of enlightenment {unknown}
 m - a potion of might {@q4}
 R - a potion of berserk rage


   Skills:
 + Level 5.0 Short Blades
 - Level 2.8 Dodging
 - Level 3.1 Stealth
 + Level 4.6 Spellcasting
 + Level 4.1 Transmutations
 + Level 5.1 Earth Magic


You had 6 spell levels left.
You knew the following spells:

 Your Spells              Type           Power      Damage    Failure   Level
a - Sandblast             Erth           54%        2d13      1%          1
b - Passwall              Tmut/Erth      20%        N/A       2%          2
c - Stone Arrow           Conj/Erth      32%        3d9       11%         3
d - Petrify               Tmut/Erth      25%        N/A       16%         4

Your spell library contained the following spells:

 Spells                   Type           Power      Damage    Failure   Level
 Scorch                   Fire           10%        2d5       16%         2
 Inner Flame              Hex/Fire       5%         N/A       32%         3
 Volatile Blastmotes      Fire/Tloc      10%        2d10      32%         3
 Flame Wave               Conj/Fire      5%         2d5       71%         4
 Fulminant Prism          Conj/Hex       2%         3d5       71%         4
 Iskenderun's Mystic Bla  Conj/Tloc      5%         2d3       71%         4
 Sticky Flame             Conj/Fire      5%         2d3       71%         4
 Summon Cactus Giant      Summ           2%         N/A       100%        6


Dungeon Overview and Level Annotations

Branches:
Dungeon (5/15)             Temple (0/1) D:5

Altars:
Cheibriados
Hepliaklqana

Annotations:
D:5 Pikel


Innate Abilities, Weirdness & Mutations

You are small and have problems with some larger weapons.
You are completely attuned to the shadows.


Message History

Confirm with . or Enter, or press ? or * to list all spells.
Aiming: Stone Arrow (dangerous; 11% risk of failure)
Press: ? - help, Shift-Dir - straight line, f/p - Pikel
Aim: Pikel, wielding a +1 whip of electrocution and wearing a +1 robe of willpower (60% to hit)
The stone arrow hits Pikel!
Pikel is moderately wounded.
Pikel hits you with a +1 whip of electrocution!
You take 6 damage, and have 30/41 hp.
You now have 0/14 mp.
You barely miss Pikel.
Pikel is moderately wounded.
Pikel waves his whip at you. Pikel closely misses you.
You hit Pikel but do no damage.
Pikel is poisoned.
Pikel is moderately wounded.
Pikel barely misses you.
You hit Pikel but do no damage.
Pikel is moderately wounded.
Pikel hits you with a +1 whip of electrocution.
You hit Pikel but do no damage.
Pikel looks as sick as possible!
Pikel is moderately wounded.
You hit Pikel but do no damage.
Pikel looks as sick as possible!
Pikel is heavily wounded.
The lemure misses you. Pikel closely misses you.
You closely miss Pikel.
Pikel is heavily wounded.
Pikel hits you with a +1 whip of electrocution.
The lemure closely misses you.
You take 2 damage, and have 31/41 hp.
You hit Pikel.
Pikel is heavily wounded.
The lemure closely misses you. Pikel hits you but does no damage.
You miss Pikel.
Pikel is heavily wounded.
You hit Pikel but do no damage.
Pikel is severely wounded.
Pikel hits you with a +1 whip of electrocution!
You are electrocuted!
* * * LOW HITPOINT WARNING * * *
The lemure hits you!
You die...

#######
##.....### ##
##......5.#
#.###.o.#..)@5.##
^.?........##K..#
.......#.#.###..#
....<.......##..#
.5K.o.#.#.#.....#
....#... .#....
55#. )#r> ....
....


You could see Pikel (extremely poisoned) and 2 lemures.

Vanquished Creatures
  A black bear (D:4)
  2 lemures
  A bullfrog (D:5)
  2 scorpions
  A jelly (D:4)
  A hound (D:5)
  An iguana (D:3)
  2 sleepcaps
  A mummy (D:3)
  7 adders
  A white imp (D:4)
  4 dart slugs
  8 orcs
  11 endoplasms
  A giant cockroach (D:1)
  5 goblins
  5 hobgoblins
  4 jackals
  9 kobolds
  6 quokkas
  4 ball pythons
  5 bats
  3 frilled lizards
  6 rats
91 creatures vanquished.

Vanquished Creatures (collateral kills)
  Grinder (D:3)
1 creature vanquished.

Grand Total: 92 creatures vanquished

Notes
Turn   | Place    | Note
-------+----------+-------------------------------------------
     0 | D:1      | Ofeo the Kobold Earth Elementalist began the quest for the
                  | Orb.
     0 | D:1      | Reached XP level 1. HP: 10/10 MP: 3/3
   406 | D:1      | Reached XP level 2. HP: 15/15 MP: 3/5
  1125 | D:1      | Reached XP level 3. HP: 19/19 MP: 4/6
  1415 | D:2      | Learned a level 2 spell: Passwall
  1419 | D:2      | Learned a level 3 spell: Stone Arrow
  1657 | D:2      | Reached skill level 1 in Short Blades
  1657 | D:2      | Reached XP level 4. HP: 24/24 MP: 4/8
  2487 | D:2      | Found a faded altar of an unknown god.
  2553 | D:3      | Reached XP level 5. HP: 28/28 MP: 5/9
  3000 | D:3      | Found a hazy altar of Hepliaklqana.
  3077 | D:3      | Found a snail-covered altar of Cheibriados.
  3109 | D:3      | Noticed Grinder
  3380 | D:3      | Killed Grinder
  3381 | D:3      | Reached XP level 6. HP: 32/32 MP: 7/11
  3457 | D:3      | Reached XP level 7. HP: 36/36 MP: 7/12
  3565 | D:3      | Learned a level 4 spell: Petrify
  4756 | D:5      | Entered Level 5 of the Dungeon
  4756 | D:5      | Noticed Pikel
  4756 | D:5      | Found a staircase to the Ecumenical Temple.
  4827 | D:5      | Reached skill level 5 in Earth Magic
  4835 | D:5      | Reached XP level 8. HP: 41/41 MP: 6/14
  4867 | D:5      | Reached skill level 5 in Short Blades
  4877 | D:5      | Slain by a lemure

Illustrated notes

Levels and vault maps discovered:
D:1:      eino_arrival_water_cross, layout_loops_corners
D:2:      layout_loops_ring, dilly_ecumenical_altar_fadedgnrine
D:3:      layout_rooms, nicolae_overflow_hidden_temple, chei_slow_surprise,
          mainiacjoe_overflow_tiny_flanked, uniq_grinder
D:4:      layout_loops_ring, hex_large
D:5:      layout_layer_cave, mainiacjoe_overflow_catwalk,
          minmay_temple_entry_sparse_star, serial_shops, nicolae_shop_crystal,
          uniq_crazy_yiuf_cottage, uniq_menkaure, uniq_pikel

Skill      XL: |  1  2  3  4  5  6  7  8 |
---------------+-------------------------+-----
Stealth        | 3 |  3.1
Short Blades   | 1 3 4 5 |  5.0
Transmutations | 2 3 4 |  4.1
Spellcasting   | 3 4 |  4.6
Earth Magic    | 4 5 |  5.1
Dodging        | |  2.8

Action                     |  1- 3 |  4- 6 |  7- 9 || total
---------------------------+-------+-------+-------++-------
  Melee: Dagger            |       |    14 |    16 ||    30
   Cast: Sandblast         |    38 |    56 |    60 ||   154
         Stone Arrow       |       |       |     1 ||     1
    Use: Scroll            |     4 |     1 |     4 ||     9
         Potion            |       |     1 |       ||     1
 Armour: Robe              |       |     1 |     6 ||     7
  Dodge: Dodged            |     8 |    12 |    31 ||    51

Table legend: (Time is in decaauts)
 A = Elapsed time spent in this place.
 B = Non-inter-level travel time spent in this place.
 C = Inter-level travel time spent in this place.
 D = Time resting spent in this place.
 E = Time spent auto-exploring this place.
 F = Levels seen in this place.
 G = Mean time per level.
                   A        B        C        D        E       F      G
               +--------+--------+--------+--------+--------+-----+--------+
         Total |   4959 |   4863 |     96 |    130 |   4233 |   5 |  991.8 |
       Dungeon |   4959 |   4863 |     96 |    130 |   4233 |   5 |  991.8 |
               +--------+--------+--------+--------+--------+-----+--------+

Top non-repeatable levels by time:
     D:1: 1390 daAuts
     D:3: 1231 daAuts
     D:2: 1158 daAuts
     D:4: 1097 daAuts
     D:5: 81 daAuts
